 Dungeon Crawl Stone Soup version 0.26.1-2-gb8aa6d0cf2 (webtiles) character file.

Game seed: 2811142132970785016

153370 nightchill the Earth Mage (level 17, -1/112 HPs)
             Began as a Gargoyle Ice Elementalist on Feb 17, 2021.
             Was a High Priest of Vehumet.
             Slain by a spriggan rider
             ... wielding a +0 spear
              (16 damage)
             ... on level 3 of the Swamp on Feb 23, 2021.
             The game lasted 03:15:41 (52134 turns).

nightchill the Earth Mage (GrIE)                   Turns: 52134, Time: 03:15:42

Health: -1/112     AC: 27    Str: 17    XL:     17   Next: 60%
Magic:  18/33      EV: 11    Int: 23    God:    Vehumet [*****.]
Gold:   1935       SH: 12    Dex: 10    Spells: 10/40 levels left

rFire    + + .     SeeInvis +   b - staff of earth
rCold    + + .     Faith    .   E - +1 buckler {AC+3}
rNeg     + . .     Spirit   .   u - +1 leather armour {rC+}
rPois    ∞         Reflect  +   O - +2 hat {Int+3}
rElec    +         Harm     .   d - +2 cloak of the Thief {*Fog Slay-2 SInv Stlth+}
rCorr    .         Rampage  .   t - +1 pair of gloves "Gemauxt" {rF+ rC+}
Will     +++..                  W - +0 pair of boots
Stlth    +++.......             B - amulet of reflection
HPRegen  0.28/turn              Y - ring of willpower
MPRegen  0.23/turn              m - ring of willpower

@: flying
A: big wings, beak, clever 1, deformed body, fire resistance 1, negative energy
resistance 1, electricity resistance, unbreathing, evolution 1, petrification
resistance, miasma immunity, MP-powered wands, AC +12
a: Stop Flying, Renounce Religion


You were on level 3 of the Swamp.
You worshipped Vehumet.
Vehumet was extremely pleased with you.
You visited 7 branches of the dungeon, and saw 29 of its levels.
You also visited: Gauntlet.

You collected 3193 gold pieces.
You spent 1258 gold pieces at shops.

Inventory:

Hand Weapons
 a - a +5 vorpal morningstar
Missiles
 f - 8 curare-tipped darts
 h - 10 atropa-tipped darts
 k - 70 poisoned darts (quivered)
 K - 9 silver boomerangs
Armour
 d - the +2 cloak of the Thief (worn) {*Fog Slay-2 SInv Stlth+}
   (You bought it in a shop on level 2 of the Orcish Mines)

   It affects your accuracy and damage with ranged weapons and melee attacks
   (-2).
   It lets you see invisible.
   It makes you more stealthy.
 t - the +1 pair of gloves "Gemauxt" (worn) {rF+ rC+}
   (You found it on level 2 of the Swamp)

   It protects you from fire.
   It protects you from cold.
 u - a +1 leather armour of cold resistance (worn)
 E - a +1 buckler of protection (worn)
 O - a +2 hat of intelligence (worn)
 U - a +1 robe of fire resistance
 W - a +0 pair of boots (worn)
Magical Staves
 b - an uncursed staff of earth (weapon)
Jewellery
 i - an uncursed ring of protection from fire
 j - an uncursed ring of positive energy
 m - a ring of willpower (right hand)
 y - an uncursed amulet of the acrobat
 B - an amulet of reflection (around neck)
 J - an uncursed ring of wizardry
 M - an uncursed ring of resist corrosion
 Y - a ring of willpower (left hand)
Wands
 n - a wand of enslavement (10)
 z - a wand of acid (18)
 D - a wand of disintegration (24)
 G - a wand of polymorph (17)
 I - a wand of iceblast (9)
 R - a wand of paralysis (6)
 Z - a wand of digging (16)
Scrolls
 e - 18 scrolls of remove curse
 r - 11 scrolls of teleportation
 A - 5 scrolls of enchant armour
 C - a scroll of fog
 H - a scroll of silence
 P - 2 scrolls of magic mapping
 Q - a scroll of fear
 S - 3 scrolls of identify
 T - a scroll of vulnerability
Potions
 o - 6 potions of ambrosia
 p - 4 potions of brilliance
 v - 6 potions of haste
 x - a potion of magic
 F - 7 potions of curing
 L - 3 potions of berserk rage
 N - a potion of cancellation
 V - a potion of might
 X - 2 potions of lignification
Miscellaneous
 c - a lightning rod (4/4)
 g - a condenser vane


   Skills:
 + Level 14.8 Fighting
 * Level 15.5 Maces & Flails
 - Level 4.8 Armour
 - Level 1.5 Dodging
 - Level 2.1 Stealth
 * Level 9.7 Shields
 + Level 12.0 Spellcasting
 - Level 5.1 Ice Magic
 * Level 20.1 Earth Magic


You had 10 spell levels left.
You knew the following spells:

 Your Spells              Type           Power        Failure   Level
a - Freeze                Ice            100%         1%          1
b - Frozen Ramparts       Ice            74%          1%          3
c - Sandblast             Erth           100%         0%          1
d - Leda's Liquefaction   Hex/Erth       37%          1%          4
e - Apportation           Tloc           26%          5%          1
f - Iron Shot             Conj/Erth      37%          4%          6
g - Passwall              Tmut/Erth      61%          1%          2
h - Petrify               Tmut/Erth      74%          1%          4
i - Lee's Rapid Deconstr  Erth           51%          1%          5
j - Stone Arrow           Conj/Erth      100%         1%          3

Your spell library contained the following spells:

 Spells                   Type           Power        Failure   Level
 Eringya's Noxious Bog    Tmut/Pois      6%           87%         6
 Foxfire                  Conj/Fire      52%          1%          1
 Ozocubu's Armour         Ice            37%          1%          3
 Bolt of Magma            Conj/Fire/Erth 30%          2%          5
 Inner Flame              Hex/Fire       13%          4%          3
 Static Discharge         Conj/Air       13%          4%          3
 Summon Small Mammal      Summ           52%          5%          1
 Hailstorm                Conj/Ice       25%          5%          4
 Call Imp                 Summ           13%          9%          2
 Corpse Rot               Necr/Air       N/A          9%          2
 Call Canine Familiar     Summ           13%          16%         3
 Lesser Beckoning         Tloc           6%           16%         3
 Tukima's Dance           Hex            13%          16%         3
 Summon Ice Beast         Ice/Summ       25%          19%         4
 Shatter                  Erth           51%          34%         9
 Lightning Bolt           Conj/Air       6%           36%         5
 Alistair's Intoxication  Tmut/Pois      8%           83%         5
 Summon Demon             Summ           6%           83%         5
 Summon Forest            Summ/Tloc      6%           83%         5
 Summon Mana Viper        Hex/Summ       13%          83%         5
 Hydra Form               Tmut           6%           100%        6
 Invisibility             Hex            13%          100%        6
 Shadow Creatures         Summ           N/A          100%        6
 Summon Hydra             Summ           6%           100%        7
 Ignition                 Fire           6%           100%        8
 Tornado                  Air            6%           100%        9
 Statue Form              Tmut/Erth      Unusable     N/A         6

Dungeon Overview and Level Annotations

Branches:
Dungeon (15/15)            Temple (1/1) D:7            Lair (5/6) D:11
  Swamp (3/4) Lair:3       Spider (1/4) Lair:4          Orc (2/2) D:9
    Elf (2/3) Orc:2        Vaults (0/5) D:13         Depths (0/5) D:15
Gauntlet (visited)
  Slime: Lair:5-6

Altars:
Ashenzari
Cheibriados
Dithmenos
Elyvilon
Fedhas
Gozag
Hepliaklqana
Kikubaaqudgha
Makhleb
Nemelex Xobeh
Okawaru
Qazlal
Ru
Sif Muna
Trog
Uskayaw
Vehumet
Wu Jian
Xom
Yredelemnul
Zin
The Shining One
Beogh

Shops:
Orc:2 }*[?:   Elf:2 *

Portals:
Pandemonium: Orc:2

Annotations:
D:2 exclusion: downstairs
D:4 exclusion: ogre
D:5 2 transporters
D:13 exclusion: downstairs
Lair:3 exclusion: oklob plant
Lair:4 exclusion: downstairs
Swamp:2 exclusions: 2 downstairs and 1 more exclusion
Swamp:3 !watch out for druid
Orc:2 3 exclusions
Elf:1 exclusion: downstairs
Elf:2 3 runed translucent doors, exclusion: 3 doors


Innate Abilities, Weirdness & Mutations

You are resistant to torment.
Your stone body is resilient. (AC +12)
You are immune to poison.
Your large and strong wings let you fly indefinitely.
You resist negative energy. (rN+)
You are resistant to electric shocks. (rElec)
You can survive without breathing.
You are immune to petrification.
You are immune to miasma.
You have a beak for a mouth.
Your mind is acute. (Int +2)
Armour fits poorly on your strangely shaped body.
Your flesh is heat resistant. (rF+)
You evolve.
You expend magic power (3 MP) to strengthen your wands.


Message History

You block the fenstrider witch's attack.
The fenstrider witch kicks you!
The spriggan rider hits you from afar with a +0 spear!
* * * LOW HITPOINT WARNING * * *
With a swish of your cloak, you release a cloud of fog.
You block the fenstrider witch's attack.
The fenstrider witch kicks you!
* * * LOW HITPOINT WARNING * * *
The spriggan rider barely misses you.
The fenstrider witch casts a spell at you.
You resist with almost no effort. You block the spriggan rider's attack.
There is a stone staircase leading up here.
You block the fenstrider witch's attack.
The fenstrider witch kicks you but does no damage.
The fenstrider witch hits you but does no damage.
The fenstrider witch kicks you!
* * * LOW HITPOINT WARNING * * *
The spriggan rider hits you from afar with a +0 spear!
You die...

♣♣i♣♣≈.§§§≈§♣≈≈...♣♣ ♣♣≈)♣
♣.i♣♣≈≈§§§§§≈§....♣ ♣≈≈.♣
♣..♣♣≈≈§§§§§§≈♣.≈.♣ ♣♣..♣
♣.≈.).♣♣≈.§§§§w..≈§≈≈≈♣♣ ♣.≈.♣
....♣.♣♣≈≈≈≈§§♣...≈...≈♣ ♣♣≈≈.♣
....≈≈♣♣≈♣≈≈.....≈≈≈≈≈(≈ ♣≈≈§≈♣♣
.≈.≈..♣.≈≈≈≈.≈i≈i.≈≈≈≈≈≈♣♣♣≈≈≈..♣
...≈.≈♣.≈≈≈≈.≈≈≈H≈≈.♣≈≈.....♣♣♣.♣
♣≈♣.≈....≈≈.≈..≈@≈≈..♣♣≈≈.≈§♣ ♣.♣
♣♣♣♣...≈≈.≈.≈..≈≈≈≈≈>.≈...≈...♣.♣
...≈...≈≈.≈≈..≈≈≈..≈≈.§.≈≈≈.♣≈♣.♣
.≈≈≈.≈≈........♣♣≈≈≈≈≈≈§.≈≈≈≈≈≈.♣
≈≈≈≈♣≈...≈≈..≈≈≈≈.≈≈≈.≈≈≈§≈♣≈≈≈≈.
≈H≈≈≈≈≈.≈≈≈≈..≈≈≈..≈≈....≈≈≈.♣≈≈.
.#≈≈≈H≈≈.≈.§≈.≈...♣≈.§≈≈.≈≈≈.≈≈≈≈
#.#≈≈≈§♣≈≈.≈.≈≈≈.♣♣♣.≈≈≈..≈♣≈≈..≈
#.≈≈≈≈≈≈≈......♣ ♣≈♣≈≈♣≈≈..≈xF≈.


You could see a fenstrider witch (poisoned), a spriggan rider, a swamp worm and
a spriggan.

Vanquished Creatures
  Gastronok (D:8)
  2 deep elf sorcerers (Elf:1)
  Nessos (Lair:4)
  5 bunyips
  A deep elf annihilator (Elf:1)
  Snorg (D:11)
  An ettin (Orc:1)
  5 eleionomae
  A fire dragon (D:14)
  Josephine (D:11)
  8 vault guards (D:13)
  4 boulder beetles
  6 hydras
  3 centaur warriors
  An ice dragon (D:15)
  3 two-headed ogres
  An alligator (shapeshifter) (Elf:1)
  8 alligators
  11 dancing weapons
  7 orc high priests (Orc:2)
  A tengu warrior (D:13)
  11 deep elf knights (Elf:1)
  A fire crab (shapeshifter) (Elf:1)
  A sixfirhy (Orc:2)
  3 unseen horrors
  6 goliath frogs
  A swamp dragon (Swamp:2)
  2 spriggan druids
  A gelid demonspawn (Orc:2)
  2 wizards
  A torturous demonspawn (Orc:2)
  2 bog bodies
  7 deep elf archers (Elf:1)
  7 orc knights
  An infernal demonspawn (Orc:2)
  An orb spider (Lair:4)
  A necromancer (D:15)
  4 lindwurms (Lair:5)
  2 wolf spiders (Lair:4)
  4 orc sorcerers (Orc:2)
  11 ugly things
  A wolf spider zombie (D:15)
  4 cyclopes
  39 deep elf magi
  4 will-o-the-wisps
  9 elephants
  2 manticores (D:15)
  2 centaur zombies
  2 black mambas
  A naga mage (D:15)
  A torpor snail (Lair:4)
  A gargoyle (D:13)
  10 cane toads
  A rime drake (Lair:2)
  2 kobold demonologists
  4 komodo dragons
  A demonic crawler (Lair:4)
  A yaktaur (D:15)
  An efreet (D:13)
  A hellwing (Orc:1)
  An ice devil (Orc:1)
  2 tengu conjurers
  7 red devils
  3 jumping spiders (Lair:4)
  7 trolls
  11 hornets
  4 tyrant leeches
  4 blink frogs (Lair:4)
  4 air elementals (Elf:1)
  2 water elementals
  A spriggan (shapeshifter) (Orc:2)
  10 spriggans
  2 shadows
  7 redbacks (Lair:4)
  4 basilisks
  A tarantella (Lair:4)
  A hog (shapeshifter) (Elf:1)
  2 vampires
  3 fire elementals
  4 wraiths
  A steam dragon (D:14)
  A chaos spawn (Orc:2)
  4 wyverns
  3 vampire mosquitoes (Swamp:3)
  33 yaks
  2 wargs (Orc:1)
  An acid dragon (D:15)
  5 swamp worms
  5 water moccasins
  A soldier ant (Lair:4)
  A hornet zombie (D:11)
  A swamp drake (Swamp:2)
  2 sky beasts (D:7)
  4 black bears
  30 orc warriors
  6 ice beasts
  3 phantoms
  7 necrophages
  A black bear (shapeshifter) (D:14)
  9 ogres
  6 boggarts
  16 centaurs
  8 wolves
  A big kobold (D:9)
  3 earth elementals (Elf:1)
  12 bullfrogs
  7 scorpions
  A wyvern skeleton (D:14)
  8 killer bees (D:11)
  5 howler monkeys
  A wight (D:13)
  4 electric eels
  2 bullfrog zombies
  3 jellies
  A quasit (D:8)
  23 orc priests
  12 hounds
  6 centaur skeletons
  4 bullfrog skeletons
  6 iguanas
  Natasha (twice) (D:3)
  20 orc wizards
  9 worker ants
  2 hound skeletons
  2 worker ant zombies
  12 adders
  A shadow imp (D:9)
  3 white imps
  2 adder skeletons
  7 worms
  A dart slug (D:2)
  3 leopard geckos
  100 orcs
  8 giant cockroaches
  8 goblins
  17 hobgoblins
  12 kobolds
  2 quokkas
  2 ball pythons (D:1)
  9 bats
  7 frilled lizards
  A jackal skeleton (D:6)
  A leopard gecko skeleton (D:6)
  2 quokka zombies (D:8)
  4 rats
794 creatures vanquished.

Vanquished Creatures (collateral kills)
  Rupert (Lair:4)
1 creature vanquished.

Vanquished Creatures (others)
  A hound (D:11)
  6 foxfires
  9 fungi
  13 plants
29 creatures vanquished.

Grand Total: 824 creatures vanquished

Notes
Turn   | Place    | Note
-------+----------+-------------------------------------------
     0 | D:1      | nightchill the Gargoyle Ice Elementalist began the quest
                  | for the Orb.
     0 | D:1      | Reached XP level 1. HP: 10/10 MP: 3/3
   163 | D:1      | Reached XP level 2. HP: 16/16 MP: 1/5
   804 | D:1      | Reached skill level 1 in Fighting
   869 | D:1      | Reached skill level 1 in Maces & Flails
  1379 | D:1      | Reached XP level 3. HP: 20/20 MP: 6/6
  2192 | D:2      | Reached XP level 4. HP: 25/25 MP: 7/7
  3015 | D:3      | Noticed Natasha
  3030 | D:3      | Killed Natasha
  3031 | D:3      | Reached XP level 5. HP: 24/30 MP: 8/8
  3384 | D:3      | Gained mutation: You have a beak for a mouth. [potion of
                  | mutation]
  3384 | D:3      | Gained mutation: Your mind is acute. (Int +2) [potion of
                  | mutation]
  3414 | D:3      | Reached skill level 5 in Ice Magic
  3442 | D:3      | Found a faded altar of an unknown god.
  3705 | D:3      | Learned a level 3 spell: Frozen Ramparts
  3825 | D:3      | Noticed Natasha
  3830 | D:3      | Killed Natasha
  3831 | D:3      | Reached XP level 6. HP: 36/36 MP: 2/9
  4176 | D:4      | Reached skill level 5 in Maces & Flails
  4176 | D:4      | Reached XP level 7. HP: 26/42 MP: 6/10
  4860 | D:5      | Entered Level 5 of the Dungeon
  4911 | D:5      | Found a transporter.
  5001 | D:5      | Found a transporter.
  5090 | D:5      | Reached XP level 8. HP: 44/48 MP: 8/11
  5142 | D:5      | Reached skill level 5 in Fighting
  5821 | D:6      | Got a jewelled kite shield
  5822 | D:6      | Identified the +6 kite shield of Rationality {+Fly rPois
                  | Will++ Str-3} (You found it on level 6 of the Dungeon)
  6397 | D:7      | Found a staircase to the Ecumenical Temple.
  6433 | Temple   | Entered the Ecumenical Temple
  6488 | Temple   | Became a worshipper of Vehumet
  6715 | D:7      | Reached XP level 9. HP: 56/56 MP: 12/12
  7205 | D:7      | Found a glowing golden altar of the Shining One.
  7587 | D:7      | Noticed a moth of wrath
  7589 | D:7      | Found a bloodstained altar of Trog.
  7894 | D:8      | Noticed Gastronok
  7896 | D:8      | Reached * piety under Vehumet
  7896 | D:8      | Offered knowledge of Foxfire by Vehumet.
  7918 | D:8      | Killed Gastronok
  7919 | D:8      | Reached skill level 10 in Maces & Flails
  7919 | D:8      | Reached XP level 10. HP: 35/64 MP: 7/17
  8185 | D:8      | Reached skill level 5 in Spellcasting
  8186 | D:8      | Noticed a two-headed ogre
  8209 | D:8      | Killed a two-headed ogre
  8399 | D:8      | Offered knowledge of Sandblast by Vehumet.
  8402 | D:8      | Learned a level 1 spell: Sandblast
  8521 | D:8      | Reached skill level 1 in Earth Magic
  8801 | D:9      | Reached ** piety under Vehumet
  8802 | D:9      | Reached skill level 2 in Earth Magic
  9041 | D:9      | Reached skill level 3 in Earth Magic
  9146 | D:9      | Found a staircase to the Orcish Mines.
  9280 | D:9      | Reached skill level 4 in Earth Magic
  9747 | D:9      | Offered knowledge of Inner Flame by Vehumet.
  9902 | D:10     | Entered Level 10 of the Dungeon
 10008 | D:10     | Reached skill level 5 in Earth Magic
 10008 | D:10     | Reached XP level 11. HP: 65/71 MP: 19/19
 10041 | D:10     | Identified the cursed +3 mace of Qazlal's Reproof {freeze,
                  | *Contam Will+ Str+8 Dex+4} (You found it on level 10 of the
                  | Dungeon)
 10733 | D:11     | Reached skill level 6 in Earth Magic
 10762 | D:11     | Noticed Josephine
 10796 | D:11     | Killed Josephine
 10797 | D:11     | Reached skill level 7 in Earth Magic
 11256 | D:11     | Noticed Snorg
 11290 | D:11     | Killed Snorg
 11290 | D:11     | Reached *** piety under Vehumet
 11291 | D:11     | Reached skill level 8 in Earth Magic
 11647 | D:11     | Noticed a cyclops
 11650 | D:11     | Reached skill level 9 in Earth Magic
 11665 | D:11     | Killed a cyclops
 11781 | D:11     | Found a staircase to the Lair.
 12166 | Lair:1   | Entered Level 1 of the Lair of Beasts
 12195 | Lair:1   | Offered knowledge of Static Discharge by Vehumet.
 12339 | Lair:1   | Reached skill level 10 in Earth Magic
 12551 | Lair:1   | Reached skill level 10 in Fighting
 13327 | Lair:2   | Reached XP level 12. HP: 75/77 MP: 19/22
 13416 | Lair:2   | Noticed a five-headed hydra
 13433 | Lair:2   | Killed a five-headed hydra
 13434 | Lair:2   | Reached skill level 11 in Earth Magic
 14143 | Lair:1   | Reached skill level 12 in Earth Magic
 14373 | Lair:2   | Reached **** piety under Vehumet
 15008 | Lair:3   | Learned a level 4 spell: Leda's Liquefaction
 15077 | Lair:3   | Offered knowledge of Conjure Flame by Vehumet.
 15338 | Lair:3   | Found a shimmering altar of Xom.
 15381 | Lair:3   | Reached skill level 13 in Earth Magic
 16210 | Lair:3   | Found a staircase to the Swamp.
 16444 | Lair:3   | Learned a level 1 spell: Apportation
 16564 | Lair:3   | Identified the Grimoire of Supportive Flames
 16614 | Lair:4   | Learned a level 6 spell: Iron Shot
 16742 | Lair:4   | Reached XP level 13. HP: 73/84 MP: 18/24
 16960 | Lair:4   | Reached skill level 14 in Earth Magic
 17167 | Lair:4   | Noticed Nessos
 17182 | Lair:4   | Killed Nessos
 17368 | Lair:4   | Noticed Rupert
 17638 | Lair:4   | Found a hole to the Spider Nest.
 17949 | Lair:4   | Killed Rupert
 18300 | Lair:5   | Found a gate leading to a gauntlet.
 18430 | Gauntlet | Entered a Gauntlet
 18430 | Gauntlet | Found a transporter.
 18430 | Gauntlet | Found a transporter.
 18430 | Gauntlet | Found a transporter.
 18430 | Gauntlet | Noticed an entropy weaver
 19452 | Lair:5   | Reached skill level 15 in Earth Magic
 20453 | D:12     | Got an ichor-stained rapier
 21113 | D:12     | Identified the +6 rapier "Vuri" {antimagic, rN+ Dex+2
                  | Stlth+} (You found it on level 12 of the Dungeon)
 21953 | D:13     | Reached ***** piety under Vehumet
 22001 | D:13     | Offered knowledge of Iskenderun's Mystic Blast by Vehumet.
 22243 | D:13     | Gained mutation: Your large and strong wings let you fly
                  | indefinitely. [Gargoyle growth]
 22243 | D:13     | Reached XP level 14. HP: 92/92 MP: 20/27
 23156 | D:13     | Reached skill level 16 in Earth Magic
 23394 | D:13     | Found a gate to the Vaults.
 25355 | D:14     | Reached skill level 1 in Shields
 25745 | Orc:1    | Entered Level 1 of the Orcish Mines
 26557 | Orc:1    | Reached skill level 15 in Maces & Flails
 27578 | Orc:2    | Entered Level 2 of the Orcish Mines
 27666 | Orc:2    | Found Fividid's Book Shop.
 27683 | Orc:2    | Found a staircase to the Elven Halls.
 27732 | Orc:2    | Offered knowledge of Spellforged Servitor by Vehumet.
 28122 | Orc:2    | Found a roughly hewn altar of Beogh.
 28567 | Orc:2    | Found a shimmering blue altar of Sif Muna.
 28940 | Orc:2    | Found Askankui's Magic Scroll Shop.
 29122 | Orc:2    | Found Illidy's General Store.
 30243 | Orc:2    | Reached skill level 10 in Spellcasting
 30530 | Orc:1    | Reached XP level 15. HP: 72/97 MP: 29/29
 30983 | Orc:2    | Reached skill level 17 in Earth Magic
 31059 | Orc:2    | Learned a level 9 spell: Shatter
 31352 | Orc:2    | Paralysed by an orc sorcerer for 4 turns
 31356 | Orc:2    | Gained mutation: You evolve. [a neqoxec]
 31745 | Orc:2    | Found Qubafa's Gadget Shoppe.
 31745 | Orc:2    | Found Velafidgh's Antique Armour Emporium.
 31745 | Orc:2    | Found a one-way gate leading to the halls of Pandemonium.
 31805 | Orc:2    | Bought the +2 cloak of the Thief {*Fog Slay-2 SInv Stlth+}
                  | for 663 gold pieces
 31805 | Orc:2    | Found the +2 cloak of the Thief {*Fog Slay-2 SInv Stlth+}
 31867 | Orc:2    | Bought a book of Geomancy for 595 gold pieces
 31870 | Orc:2    | Learned a level 2 spell: Passwall
 31875 | Orc:2    | Learned a level 4 spell: Petrify
 32125 | Orc:2    | Identified Sif Muna's Disquisition on Companions
 32939 | D:14     | Reached skill level 1 in Armour
 33175 | D:14     | Gained mutation: Armour fits poorly on your strangely
                  | shaped body. [evolution]
 34041 | D:15     | Entered Level 15 of the Dungeon
 34313 | D:15     | Found a staircase to the Depths.
 34345 | D:15     | Offered knowledge of Orb of Destruction by Vehumet.
 34583 | D:15     | Learned a level 5 spell: Lee's Rapid Deconstruction
 36534 | D:15     | Reached skill level 18 in Earth Magic
 37151 | Swamp:1  | Entered Level 1 of the Swamp
 38340 | Swamp:1  | Reached XP level 16. HP: 86/105 MP: 30/30
 38850 | Swamp:1  | Gained mutation: You expend magic power (3 MP) to
                  | strengthen your wands. [evolution]
 40294 | Swamp:2  | Reached skill level 5 in Shields
 40927 | Swamp:2  | Identified the +1 pair of gloves "Gemauxt" {rF+ rC+} (You
                  | found it on level 2 of the Swamp)
 42696 | Swamp:3  | Gained mutation: Your flesh is heat resistant. (rF+)
                  | [evolution]
 42966 | Swamp:3  | Reached skill level 19 in Earth Magic
 43297 | Swamp:3  | Noticed a fenstrider witch
 43445 | Spider:1 | Entered Level 1 of the Spider Nest
 44679 | Elf:1    | Entered Level 1 of the Elven Halls
 46377 | Elf:1    | Learned a level 3 spell: Stone Arrow
 46437 | Elf:1    | Offered knowledge of Eringya's Noxious Bog by Vehumet.
 46524 | Elf:1    | Reached XP level 17. HP: 112/112 MP: 6/32
 48164 | Elf:1    | Identified the +2 leather armour of the Apprentice {rC+
                  | Regen+ Dex-3}
 49024 | Elf:1    | Found an ancient bone altar of Kikubaaqudgha.
 49025 | Elf:1    | Found a shimmering blue altar of Sif Muna.
 49025 | Elf:1    | Found a shimmering blue altar of Sif Muna.
 49025 | Elf:1    | Found a shimmering blue altar of Sif Muna.
 49639 | Elf:1    | Identified the cursed +2 hunting sling "Usurif" {vorpal,
                  | Fragile Str+3 Int+8 Stlth+} (You found it on level 1 of the
                  | Elven Halls)
 49643 | Elf:1    | Identified the +5 chain mail "Liso" {Str-4 Int+8} (You
                  | found it on level 1 of the Elven Halls)
 49964 | Elf:1    | Reached skill level 20 in Earth Magic
 51352 | Elf:2    | Found a runed translucent gate.
 51352 | Elf:2    | Found a runed translucent gate.
 51353 | Elf:2    | Found a runed translucent gate.
 51467 | Elf:2    | Found Zaap's Assorted Antiques.
 52134 | Swamp:3  | Slain by a spriggan rider

Illustrated notes

Levels and vault maps discovered:
D:1:      sevenhm_arrival_forest_fort_small_3, layout_loops_corners,
          minmay_tetromino_s2
D:2:      layout_basic
D:3:      layout_loops_cross, chequers_ecumenical_altar_island, uniq_natasha
D:4:      layout_layer_cave, serial_bayou, serial_bayou_pond_c,
          serial_bayou_crossing, serial_bayou_shore_a, serial_bayou_ford_a,
          minmay_manual_mares
D:5:      gammafunk_steamed_eel, layout_basic
D:6:      layout_rooms
D:7:      layout_loops_ring, lemuel_round_altar,
          minmay_temple_entry_enclosed_plants, tgw_trog
D:8:      layout_basic, uniq_gastronok
D:9:      layout_loops_ring, orc_0_dummy
D:10:     layout_gridville
D:11:     layout_basic, erik_lair_island, serial_shops, bzr_firewalk,
          uniq_josephine, uniq_snorg
D:12:     layout_irregular_city, chequers_serial_rivers_micro_e,
          corexii_hall_statues_i, drop_trap
D:13:     layout_roguey, erik_vaults_2, kennysheep_dice
D:14:     layout_stronghold, hangedman_glass_teeth,
          einodemon_armed_red_devil_minivault
D:15:     grunt_enter_depths_magical_seal, layout_stronghold,
          grunt_decor_junction, chequers_avenue, minmay_misc_feat_four_crosses,
          minmay_circle_x
Temple:   kilobyte_greek_temple
Lair:1:   layout_gridlike
Lair:2:   layout_chaotic_city, roderic_carrion_pond
Lair:3:   layout_hall_layers, swamp_mist_pool, basic_altar,
          minmay_lair_oklob_items
Lair:4:   layout_long_grid, nicolae_spider_entry_orb_guardian,
          infiniplex_staircase_pool, lemuel_fruit_tree, uniq_nessos, uniq_rupert
Lair:5:   layout_regular_city, gauntlet_entry_generic, minmay_lindwurm_lava
Swamp:1:  layout_basic_swamp, serial_swamp_ruin, evilmike_swamp_ruin_house_1,
          evilmike_swamp_ruin_house_2, evilmike_swamp_ruin_house_6, swamp_pool1,
          hangedman_swamp_grove
Swamp:2:  layout_basic_swamp, nicolae_swamp_orc_logging_accident, swamp_pool2
Swamp:3:  layout_falls_marsh, nicolae_swamp_little_tower
Spider:1: nicolae_spider_mines_1, minivault_29
Orc:1:    cheibrodos_orc_bank, layout_caves
Orc:2:    pf_orc_diabolical, layout_caves, basic_altar, serial_shops, shop,
          led_sif_book
Elf:1:    minmay_the_grid_octo_tiled_octocenter [minmay_the_grid_octo_odd_swirl,
          minmay_the_grid_octo_shrine, minmay_the_grid_octo_focus,
          minmay_the_grid_octo_empty, minmay_the_grid_octo_prize_big_c,
          minmay_the_grid_square_5x5_z,
          minmay_the_grid_square_5x5_sharp_hourglass,
          minmay_the_grid_square_5x5_checkered_statues,
          minmay_the_grid_square_5x5_inverted_slash], layout_loops_corners,
          hangedman_elf_disciples, corner_web_ring
Elf:2:    layout_gridlike, serial_shops, shop, nicolae_shop_trees, shop_coins

Skill      XL: |  1  2  3  4  5  6  7  8  9 10 11 12 13 14 15 16 17 |
---------------+----------------------------------------------------+-----
Fighting       | 1 2 3 4 6 8 9 10 12 13 14 | 14.8
Maces & Flails | 1 2 3 5 6 8 10 11 12 13 14 15 | 15.5
Ice Magic      | 5 |  5.1
Spellcasting   | 4 5 6 7 9 10 11 12 | 12.0
Earth Magic    | 5 10 13 15 16 18 19 20 | 20.1
Shields        | 2 3 7 9 |  9.7
Armour         | 4 |  4.8
Dodging        | |  1.5
Stealth        | |  2.1

Action                   |  1- 3 |  4- 6 |  7- 9 | 10-12 | 13-15 | 16-18 || total
-------------------------+-------+-------+-------+-------+-------+-------++-------
Melee: Unarmed           |     3 |       |       |       |       |       ||     3
       Whip              |   107 |   307 |    80 |       |       |       ||   494
       Peck              |       |    16 |    59 |   106 |   198 |   103 ||   482
       Flail             |       |       |   236 |   667 |   527 |       ||  1430
       Dire flail        |       |       |       |       |   657 |   471 ||  1128
       Morningstar       |       |       |       |       |       |    49 ||    49
       Staff             |       |       |       |       |       |    27 ||    27
Throw: Stone             |       |       |     6 |     8 |     5 |     1 ||    20
       Dart              |       |       |       |       |       |    11 ||    11
 Cast: Freeze            |    16 |       |       |    15 |    44 |       ||    75
       Frozen Ramparts   |       |     4 |    26 |    70 |   112 |     2 ||   214
       Sandblast         |       |       |       |     2 |     1 |       ||     3
       Apportation       |       |       |       |    10 |    24 |    22 ||    56
       Leda's Liquefacti |       |       |       |     8 |    37 |     2 ||    47
       Iron Shot         |       |       |       |       |    68 |   163 ||   231
       Petrify           |       |       |       |       |    12 |    54 ||    66
       Lee's Rapid Decon |       |       |       |       |     6 |    13 ||    19
       Stone Arrow       |       |       |       |       |       |     2 ||     2
 Abil: Fly               |       |       |       |       |     2 |     1 ||     3
       Stop Flying       |       |       |       |       |     1 |     1 ||     2
Evoke: Wand              |       |       |     1 |     4 |     3 |     1 ||     9
  Use: Potion            |       |     4 |     1 |     3 |     2 |     6 ||    16
       Scroll            |       |       |    13 |    12 |    12 |    17 ||    54
 Stab: Sleeping          |       |       |     1 |       |     3 |       ||     4
       Paralysed         |       |       |       |     6 |     2 |       ||     8
       Petrified         |       |       |       |       |    32 |    93 ||   125
       Petrifying        |       |       |       |       |     7 |     9 ||    16
       Distracted        |       |       |       |       |     3 |       ||     3
Armor: Robe              |     4 |    26 |   112 |   314 |   512 |    43 ||  1011
       Scale mail        |    72 |   179 |       |       |       |       ||   251
       Leather armour    |       |       |       |       |       |   213 ||   213
Dodge: Dodged            |    59 |   157 |   137 |   290 |   409 |   215 ||  1267
Block: Other             |       |       |     9 |   128 |   190 |    78 ||   405
       Reflection        |       |       |       |       |    15 |     7 ||    22
       Buckler           |       |       |       |       |       |    52 ||    52
